Map: Blackpink LE

Players

Elazer

  • Race: Zerg Zerg
  • Spawn Location: 1:00

Scarlett - Winner!

  • Race: Zerg Zerg
  • Spawn Location: 7:00

Event: IEM Season 12 - PyeongChang

VOD

Have the link to the VOD?

Description

Time

  • Played on: Feb. 6, 2018, 9:39 p.m.
  • Length: 10:08

All games in this series

Show
View Real Time Build Order
Export as new Build Order

Elazer Zerg 

Build Orders: Hatch First 

Get SALT Encoding   

  12  0:00  Drone  
  13  0:12  Overlord  
  13  0:17  Drone  
  14  0:30  Drone x2  
  14  0:34  Drone  
  17  0:50  Hatchery  
  17  0:54  Drone  
  18  0:57  Drone  
  18  1:01  Extractor  
  17  1:12  Spawning Pool  
  17  1:15  Drone  
  18  1:18  Drone  
  18  1:28  Drone  
  19  1:38  Overlord  
  19  1:59  Queen  
  19  2:01  Metabolic Boost, Zergling x4  
  23  2:02  Queen  
  23  2:06  Zergling x2  
  26  2:11  Drone  
  26  2:13  Drone  
  28  2:22  Drone  
  29  2:24  Drone  
  30  2:35  Hatchery  
  29  2:38  Drone  
  30  2:44  Overlord  
  30  2:46  Drone  
  30  2:49  Drone  
  32  2:58  Drone x2  
  34  3:07  Zergling x8  
  34  3:12  Zergling x8  
  42  3:17  Overlord  
  42  3:21  Baneling Nest  
  41  3:28  Drone  
  41  3:29  Drone  
  43  3:40  Overlord  
  43  3:44  Drone x3  
  43  3:45  Queen, Drone x2  
  50  3:54  Zergling x2  
  50  3:55  Zergling x6  
  53  3:58  Zergling x6  
  56  4:07  Overlord, Zergling x2  
  56  4:08  Baneling  
  56  4:09  Baneling x2  
  57  4:11  Zergling x2  
  57  4:16  Zergling x2  
  57  4:17  Zergling x6  
  62  4:20  Zergling x2  
  62  4:21  Zergling x2  
  63  4:26  Zergling x6  
  66  4:34  Baneling x2  
  66  4:37  Baneling x2  
  66  4:38  Zergling x6  
  69  4:47  Overlord  
  69  4:48  Drone x2  
  69  4:49  Drone  
  69  4:50  Drone  
  69  4:51  Drone  
  73  4:55  Drone  
  73  4:56  Drone  
  73  4:58  Drone  
  74  5:01  Overlord  
  74  5:02  Roach Warren, Drone  
  74  5:06  Extractor  
  73  5:09  Overlord  
  73  5:12  Drone x2  
  73  5:13  Drone x2  
  76  5:18  Evolution Chamber, Extractor  
  76  5:19  Overlord  
  73  5:23  Drone x2  
  73  5:28  Lair  
  75  5:29  Drone  
  75  5:31  Drone x2  
  75  5:34  Overlord  
  78  5:37  Drone  
  79  5:43  Overlord  
  79  5:46  Overlord, Zerg Missile Weapons Level 1  
  79  5:48  Overlord  
  79  5:50  Roach  
  79  5:53  Overlord  
  79  5:55  Extractor, Roach  
  82  5:59  Roach  
  82  6:00  Overlord  
  84  6:04  Overlord  
  84  6:08  Overlord  
  84  6:09  Roach  
  86  6:12  Overlord  
  79  6:27  Roach x7  
  79  6:30  Roach x2  
  84  6:34  Roach  
  84  6:38  Glial Reconstitution  
  81  6:40  Overlord  
  81  6:42  Roach  
  83  6:47  Drone x2  
  83  6:48  Drone x3  
  83  6:53  Roach x2  
  92  6:55  Roach  
  92  6:58  Roach  
  96  7:01  Roach  
  96  7:05  Roach x2  
  96  7:07  Roach  
  104  7:09  Roach  
  104  7:12  Roach  
  104  7:13  Ravager  
  104  7:14  Roach  
  111  7:18  Roach  
  111  7:21  Roach x2  
  117  7:29  Roach  
  111  7:30  Roach x2  
  111  7:34  Roach x2  
  111  7:36  Roach  
  100  7:38  Roach  
  100  7:41  Roach  
  99  7:44  Roach  
  99  7:49  Roach  
  89  7:54  Roach  
  89  7:55  Roach  
  78  8:01  Roach x3  
  78  8:03  Roach  
  78  8:09  Roach x2  
  78  8:12  Roach  
  84  8:18  Roach x2  
  88  8:21  Drone x5  
  88  8:22  Overseer  
  93  8:30  Drone x3  
  96  8:37  Overlord  
  96  8:42  Roach  
  96  8:46  Drone  
  96  8:47  Drone  
  100  8:51  Roach x2  
  106  8:55  Roach  
  106  8:56  Roach  
  106  9:00  Roach x2  
  112  9:03  Roach  
  112  9:06  Queen  
  116  9:10  Roach  
  116  9:12  Ravager  
  116  9:14  Roach x2  
  123  9:20  Roach x3  
  129  9:25  Roach x2  
  129  9:26  Roach  
  129  9:27  Roach  
  129  9:30  Roach  
  139  9:33  Roach  
  139  9:34  Roach  
  143  9:38  Roach  
  143  9:39  Roach  
  143  9:44  Roach  
  143  9:47  Roach  
  143  9:48  Roach x2  
Show
View Real Time Build Order
Export as new Build Order

Scarlett Zerg - Winner!

Build Orders: Hatch First 

Get SALT Encoding   

  12  0:00  Drone  
  13  0:13  Overlord  
  13  0:18  Drone  
  14  0:31  Drone x2  
  14  0:35  Drone  
  17  0:52  Hatchery  
  17  0:54  Drone  
  17  0:57  Drone  
  18  1:08  Extractor  
  17  1:12  Spawning Pool  
  17  1:15  Drone  
  17  1:18  Drone  
  18  1:29  Drone  
  19  1:39  Drone  
  20  1:50  Overlord  
  20  1:58  Queen  
  22  2:03  Queen  
  22  2:04  Drone x2  
  22  2:07  Metabolic Boost  
  26  2:15  Drone x2  
  28  2:26  Zergling x4  
  30  2:34  Queen, Zergling x2  
  30  2:36  Zergling x2  
  34  2:44  Hatchery  
  33  2:55  Drone  
  33  2:56  Drone  
  35  3:02  Drone  
  36  3:09  Overlord  
  36  3:10  Overlord  
  36  3:26  Queen  
  39  3:27  Zergling x10  
  39  3:30  Drone  
  39  3:32  Roach Warren  
  43  3:39  Zergling x2  
  44  3:42  Drone  
  44  3:44  Drone x4  
  44  3:45  Drone  
  50  3:52  Drone x2  
  52  3:56  Overlord  
  52  4:04  Drone  
  52  4:05  Drone  
  52  4:07  Lair  
  52  4:09  Evolution Chamber  
  53  4:12  Extractor  
  53  4:13  Extractor  
  53  4:15  Drone  
  53  4:16  Drone x2  
  54  4:18  Drone x2  
  55  4:25  Drone x3  
  55  4:26  Drone  
  59  4:33  Roach  
  59  4:34  Roach  
  59  4:35  Roach  
  65  4:42  Evolution Chamber  
  64  4:52  Roach x3  
  62  5:04  Overlord  
  62  5:05  Overlord x2  
  62  5:08  Zerg Missile Weapons Level 1  
  62  5:11  Zerg Ground Armor Level 1  
  62  5:20  Overseer  
  61  5:24  Drone x2  
  61  5:25  Drone x2  
  61  5:27  Extractor  
  64  5:30  Roach  
  64  5:31  Roach x3  
  64  5:35  Drone x2  
  74  5:45  Roach x3  
  80  5:50  Glial Reconstitution  
  80  5:54  Overlord x2  
  80  5:55  Overlord  
  80  6:04  Hatchery  
  80  6:11  Roach x2  
  83  6:14  Roach  
  83  6:15  Roach x3  
  87  6:26  Roach x6  
  95  6:33  Roach  
  91  6:40  Roach  
  91  6:41  Queen, Roach  
  91  6:43  Overlord  
  91  6:45  Roach  
  91  6:46  Roach  
  101  6:50  Roach x2  
  101  6:52  Ravager  
  101  6:53  Ravager  
  107  6:54  Overlord  
  107  7:03  Roach x3  
  107  7:06  Roach  
  115  7:14  Roach x2  
  119  7:17  Queen, Roach  
  119  7:20  Zerg Missile Weapons Level 2  
  123  7:26  Roach  
  123  7:29  Roach  
  115  7:30  Roach  
  105  7:38  Roach x3  
  105  7:42  Roach x2  
  109  7:44  Roach  
  103  7:55  Roach x4  
  105  7:59  Roach x2  
  105  8:01  Roach  
  99  8:07  Roach x3  
  105  8:14  Roach x2  
  109  8:25  Ravager x2  
  109  8:26  Overlord  
  111  8:27  Roach x2  
  115  8:36  Roach x3  
  115  8:37  Roach  
  123  8:42  Roach x2  
  123  8:44  Roach  
  129  8:51  Overlord  
  129  8:52  Roach  
  129  8:53  Roach  
  133  8:58  Unknown  
  133  9:01  Roach x2  
  133  9:02  Overlord  
  137  9:04  Ravager  
  138  9:10  Roach  
  138  9:11  Roach x3  
  146  9:18  Overlord  
  146  9:22  Roach x3  
  152  9:26  Roach  
  154  9:37  Roach  
  154  9:38  Roach x3  
  154  9:49  Roach x7  

Tags
 
Add a new tag
Caveats
  • Supply blocks, unpowered buildings, or Contaminate may cause inaccurate times.
  • Supply counts are checked every 10 seconds.